 Dungeon Crawl Stone Soup version 0.31.0-11-ge490571c62 (webtiles) character file.

Game seed: 2767377161270642723

32 solopath the Apothecary (level 3, -4/24 HPs)
             Began as a Demonspawn Alchemist on Jan 27, 2024.
             Killed by nerve-wracking pain
             ... invoked by an orc priest
              (10 damage)
             ... on level 2 of the Dungeon.
             The game lasted 00:02:10 (1035 turns).

solopath the Apothecary (Demonspawn Alchemist)      Turns: 1035, Time: 00:02:11

Health: -4/24      AC:  2    Str:  8    XL:     3   Next: 8%
Magic:  2/6        EV: 12    Int: 17    God:
Gold:   52         SH:  0    Dex: 13    Spells: 3/6 levels left

rFire   . . .        d - +0 mace
rCold   . . .        (no shield)
rNeg    . . .        a - +0 robe
rPois   .            (no helmet)
rElec   .            (no cloak)
rCorr   .            (no gloves)
SInv    .            (no boots)
Will    .....        (no amulet)
Stlth   ++           (no ring)
HPRegen 0.24/turn    (no ring)
MPRegen 0.10/turn

%: no passive effects
@: no status effects
A: hooves 1
a: no special abilities


You were on level 2 of the Dungeon.
You visited 1 branch of the dungeon, and saw 2 of its levels.

You collected 52 gold pieces.

Inventory:

Hand Weapons
 d - a +0 mace (weapon)
Missiles
 f - 6 poisoned darts
Armour
 a - a +0 robe (worn)
Scrolls
 e - a scroll of immolation {unknown}
 h - 2 scrolls of enchant armour {unknown}
 i - a scroll of amnesia {unknown}
Potions
 b - 2 potions of magic
 c - a potion of attraction {unknown}
 g - a potion of curing {unknown}


   Skills:
 + Level 2.2 Dodging
 - Level 2.0 Stealth
 + Level 2.3 Spellcasting
 + Level 1.6 Conjurations
 + Level 3.3 Alchemy


You had 3 spell levels left.
You knew the following spells:

 Your Spells              Type           Power      Damage    Failure   Level
a - Sting                 Conj/Alch      40%        1d5       7%          1
b - Mercury Vapours       Alch/Air       14%        N/A       14%         2

Your spell library contained the following spells:

 Spells                   Type           Power      Damage    Failure   Level
 Slow                     Hex            4%         N/A       19%         1
 Lesser Beckoning         Tloc           2%         N/A       28%         2
 Mephitic Cloud           Conj/Alch/Air  7%         N/A       28%         3
 Confusing Touch          Hex            1%         N/A       50%         3
 Gell's Gravitas          Tloc           1%         N/A       50%         3
 Sigil of Binding         Hex            1%         N/A       50%         3
 Teleport Other           Tloc           1%         N/A       50%         3
 Vampiric Draining        Necr           1%         2d6       50%         3
 Olgreb's Toxic Radiance  Alch           13%        N/A       43%         4
 Sticky Flame             Fire/Alch      7%         2d4       67%         4


Dungeon Overview and Level Annotations

Branches:
Dungeon (2/15)

Altars:


Innate Abilities, Weirdness & Mutations

You have large cloven feet.


Message History

Unknown command.
The orc priest calls down the wrath of Beogh upon you.
Beogh smites you!
Ouch! That really hurt!
Aiming: Sting (safe; 7% risk of failure)
Press: ? - help, Q - select action, (/) - cycle Shift-Dir - straight line, f - orc
Aim: an orc, wielding a +0 whip and wearing a +0 leather armour (71% to hit)
The sting hits the orc but does no damage.
The orc is poisoned.
The orc looks more healthy.
The orc priest calls upon Beogh to heal the orc.
The orc's wounds heal themselves!
Aiming: Sting (safe; 7% risk of failure)
Press: ? - help, Q - select action, (/) - cycle Shift-Dir - straight line, f/p - orc
Aim: an orc, wielding a +0 whip and wearing a +0 leather armour (71% to hit)
The sting hits the orc but does no damage.
The orc is poisoned.
Unknown command.
The orc attacks as it pursues you! The orc barely misses you.
You hit the orc.
You kill the orc!
Aiming: Sting (safe; 7% risk of failure)
Press: ? - help, Q - select action, (/) - cycle Shift-Dir - straight line, f - orc priest
Aim: an orc priest, wielding a +0 hand axe (71% to hit)
The sting hits the orc priest.
The orc priest is poisoned.
The orc priest is lightly wounded.
The orc priest casts a cantrip, but nothing happens.
Casting: Sting (safe; 7% risk of failure)
Confirm with . or Enter, or press ? or * to list all spells.
Aiming: Mercury Vapours (safe; 14% risk of failure)
Press: ? - help, Dir - move target, f/p - orc priest
Aim: an orc priest, wielding a +0 hand axe (lightly wounded, poisoned, chance to weaken: 90%) Fumes of mercury billow around the orc priest!
The orc priest looks even sicker.
The orc priest looks weaker.
The orc priest invokes the aid of Beogh against you.
Beogh smites you!
* * * LOW HITPOINT WARNING * * *
The orc priest mumbles some strange prayers to Beogh against you.
Pain shoots through your body!
You die...

..########.#.###.......#
#.#...........#
#.#####.#####.## #o#
#......... #.#
#..####.## #######.#
#..# ........# ###..#
#############o###..).#
.......<...@......#..#
############..###....#
............#
####.#####.### #.# #.#
#.# #.# ..# #.. ### ##


You could see an orc priest (very poisoned, weak).

Vanquished Creatures
  A dart slug (D:1)
  An orc (D:2)
  3 endoplasms
  A giant cockroach (D:1)
  A goblin (D:1)
  5 hobgoblins (D:1)
  A kobold (D:1)
  2 quokkas (D:1)
  2 ball pythons (D:1)
  3 bats
  4 frilled lizards (D:1)
  2 rats (D:1)
26 creatures vanquished.

Notes
Turn   | Place    | Note
-------+----------+-------------------------------------------
     0 | D:1      | solopath the Demonspawn Alchemist began the quest for the
                  | Orb.
     0 | D:1      | Reached XP level 1. HP: 13/13 MP: 3/3
   213 | D:1      | Discovered your monstrous ancestry.
   213 | D:1      | Gained mutation: You have large cloven feet. [demonic
                  | ancestry]
   213 | D:1      | Reached XP level 2. HP: 19/19 MP: 1/5
   488 | D:1      | Learned a level 2 spell: Mercury Vapours
   951 | D:2      | Reached XP level 3. HP: 19/24 MP: 3/6
  1035 | D:2      | Killed from afar by an orc priest

Illustrated notes

Levels and vault maps discovered:
D:1:      dpeg_arrival_tiny_h, layout_basic, grunt_decor_resistance,
          minmay_vboxes
D:2:      layout_loops_ring

Skill      XL: |  1  2 |
---------------+-------+-----
Stealth        | 2 |  2.0
Dodging        | 2 |  2.2
Spellcasting   | |  2.3
Conjurations   | |  1.6
Alchemy        | |  3.3

Action                     || total
---------------------------++-------
  Melee: Mace              ||    40
         Punch             ||     1
         Kick              ||     7
   Cast: Sting             ||    29
         Mercury Vapours   ||     2
 Armour: Robe              ||    18
  Dodge: Dodged            ||    36
